AoeStats
← RespectTheRussell

Arabia

510187676Analyzed
1v1 RM · 23h ago on Sep 29, 2026· 49m 1s· 2 players
Game mode
Random Map
Map size
Tiny (2 player)
Population
200
Speed
Normal
Resources
Standard
Victory
Conquest
Starting age
Dark Age
Ending age
Imperial Age
RankedLock teamsTeams togetherTeam positionsShared explorationLock speedFull tech treeHidden civsTurbo modeCheats
Victory
Defeat
🇺🇸 Lithuanians · United States
1274
+16
🇪🇸 Malians · Spain
1275
-16
RespectTheRussell
5:35 Loom
8:36 Feudal Age
15:15 Double-Bit Axe
19:26 Castle Age
17:23 Horse Collar
18:01 Gold Mining
18:19 Scale Barding Armor
18:52 Forging
18:58 Bloodlines
19:17 Forging
20:34 Wheelbarrow
22:54 Town Watch
25:28 Chain Barding Armor
27:47 Heavy Plow
29:29 Stone Mining
31:13 Husbandry
35:33 Iron Casting
38:56 Imperial Age
38:07 Stone Shaft Mining
39:18 Hand Cart
40:19 Plate Barding Armor
39:59 Cavalier
41:50 Crop Rotation
43:10 Chemistry
Kutxi
6:55 Loom
7:23 Loom
9:34 Feudal Age
10:05 Double-Bit Axe
10:47 Horse Collar
19:45 Castle Age
18:13 Fletching
19:19 Scale Mail Armor
19:49 Crossbowman
20:29 Bodkin Arrow
21:28 Padded Archer Armor
21:18 Pikeman
24:08 Town Watch
26:12 Forging
28:39 Wheelbarrow
31:41 Chain Mail Armor
35:23 Ballistics
37:44 Imperial Age
35:51 Bow Saw
36:32 Gold Mining
38:55 Conscription
39:41 Chemistry
40:04 Iron Casting
40:27 Thumb Ring
41:26 Arbalester
Connection lost

Rejoining the realm…

Still unreachable

The connection could not be restored.

Session expired

The server has moved on; the page needs a fresh start.